 Dungeon Crawl Stone Soup version 0.18.1-48-g4cf74bf (webtiles) character file.

526 glosham the Covert (level 7, 0/46 HPs)
             Began as a High Elf Abyssal Knight on Sept 12, 2016.
             Was a Follower of Lugonu.
             Slain by an ancient zyme (10 damage)
             ... on level 1 of the Abyss.
             The game lasted 00:06:58 (332 turns).

glosham the Covert (High Elf Abyssal Knight)         Turns: 332, Time: 00:06:59

Health: 0/46       AC:  3    Str: 11    XL:     7   Next: 2%
Magic:  9/9        EV: 12    Int: 16    God:    Lugonu [*.....]
Gold:   13         SH:  0    Dex: 15    Spells: 0 memorised, 6 levels left

rFire  . . .     SeeInvis +     a - +1 falchion
rCold  + . .     Gourm    .     b - +0 leather armour
rNeg   . . .     Faith    .     (no shield)
rPois  .         Spirit   .     (no helmet)
rElec  .         Dismiss  .     (no cloak)
rCorr  .         Reflect  .     (no gloves)
SustAt .         Harm     .     (no boots)
MR     +....                    (no amulet)
Stlth  ++++......               (no ring)
                                e - ring of see invisible

@: non-regenerating, badly diseased, somewhat resistant to hostile enchantments,
stealthy
A: cold resistance 1, magic resistance 1, weak 1
a: Depart the Abyss, Renounce Religion


You were on level 1 of the Abyss.
You worshipped Lugonu.
Lugonu was aware of your devotion.
You were not hungry.

You visited 0 branches of the dungeon, and saw 0 of its levels.
You visited the Abyss 1 time.

You collected 13 gold pieces.

Inventory:

Hand Weapons
 a - a +1 falchion (weapon)
Armour
 b - a +0 leather armour (worn)
Jewellery
 e - a ring of see invisible (left hand)
Comestibles
 c - a bread ration
 f - a meat ration


   Skills:
 - Level 3.0 Fighting
 - Level 2.4 Long Blades
 - Level 0.8 Armour
 - Level 2.1 Dodging
 + Level 8.8 Stealth
 - Level 2.0 Invocations


You had 6 spell levels left.
You didn't know any spells.

Dungeon Overview and Level Annotations

Branches:
Dungeon (0/15)

Altars:


Innate Abilities, Weirdness & Mutations

Your flesh is cold resistant.
You are resistant to hostile enchantments.
You are weak. (Str -2)


Message History

Your transformation is almost over.
The ancient zyme hits you but does no damage.
The ancient zyme hits you!
You hit the ancient zyme.
The ancient zyme is lightly damaged.
The ancient zyme hits you but does no damage.
The ancient zyme barely misses you.
You hit the ancient zyme but do no damage.
The ancient zyme is lightly damaged.
The ancient zyme hits you. x2
The ancient zyme hits you but does no damage.
The ancient zyme barely misses you.
You hit the ancient zyme but do no damage.
The ancient zyme is lightly damaged.
The ancient zyme hits you but does no damage. x2
You hit the ancient zyme but do no damage.
The ancient zyme is lightly damaged.
The ancient zyme hits you.
The ancient zyme hits you but does no damage.
You hit the ancient zyme.
The ancient zyme is moderately damaged.
The ancient zyme hits you.
The ancient zyme hits you but does no damage.
You feel ill.
You hit the ancient zyme.
The ancient zyme is moderately damaged.
The ancient zyme hits you!
The ancient zyme hits you but does no damage.
You feel ill.
You barely miss the ancient zyme.
The ancient zyme is moderately damaged.
The ancient zyme hits you. The ancient zyme barely misses you.
You hit the ancient zyme but do no damage.
The ancient zyme is moderately damaged.
You feel less woody.
Your +0 leather armour unmelds from your body.
The ancient zyme closely misses you. The ancient zyme hits you.
* * * LOW HITPOINT WARNING * * *
The ancient zyme hits you!
You die...

## .. ##.##. .#
##... . . ....#.
.# #.# .#..# #
###x##. .##.
#.@#....#. .#
#..###..##.#.##
#....#.......... .
#..##.##.##....#.#
. .# .. #.
#....#.. .. # ## .
.#. .##..# ## #.
....#.# .### .#..#
.#.. .# # . #..##
##


You could see an ancient zyme.

Vanquished Creatures
  A giant orange brain (Abyss:1)
1 creature vanquished.

Notes
Turn   | Place    | Note
--------------------------------------------------------------
     0 | Abyss:1  | glosham the High Elf Abyssal Knight began the quest for the Orb.
     0 | Abyss:1  | Reached XP level 1. HP: 16/16 MP: 3/3
    99 | Abyss:1  | Noticed a spatial vortex
   151 | Abyss:1  | Noticed a small abomination
   182 | Abyss:1  | Noticed a wretched star
   190 | Abyss:1  | Noticed a giant orange brain
   191 | Abyss:1  | Gained mutation: You are resistant to hostile enchantments. [potion of mutation]
   191 | Abyss:1  | Gained mutation: You are weak. (Str -2) [potion of mutation]
   226 | Abyss:1  | Killed a giant orange brain
   226 | Abyss:1  | Reached skill level 8 in Stealth
   226 | Abyss:1  | Reached XP level 2. HP: 21/21 MP: 4/4
   226 | Abyss:1  | Reached XP level 3. HP: 26/26 MP: 5/5
   226 | Abyss:1  | Reached XP level 4. HP: 31/31 MP: 6/6
   226 | Abyss:1  | Reached XP level 5. HP: 36/36 MP: 7/7
   226 | Abyss:1  | Reached XP level 6. HP: 42/42 MP: 8/8
   226 | Abyss:1  | Reached XP level 7. HP: 46/46 MP: 9/9
   227 | Abyss:1  | Gained mutation: Your flesh is cold resistant. [potion of mutation]
   227 | Abyss:1  | Gained mutation: You occasionally shout uncontrollably at your foes. [potion of mutation]
   227 | Abyss:1  | Lost mutation: You occasionally shout uncontrollably at your foes. [potion of mutation]
   263 | Abyss:1  | Noticed a hungry ghost
   266 | Abyss:1  | Noticed a tentacled starspawn
   299 | Abyss:1  | Noticed an ancient zyme
   332 | Abyss:1  | Slain by an ancient zyme

Skill      XL: |  1 |
---------------+----+-----
Stealth        | 8 |  8.8
Fighting       | |  3.0
Long Blades    | |  2.4
Armour         | |  0.8
Dodging        | |  2.1
Invocations    | |  2.0

Action                   |  1- 3 |  4- 6 |  7- 9 || total
-------------------------+-------+-------+-------++-------
Melee: Falchion          |    33 |       |    21 ||    54
  Use: Potion            |     3 |       |     2 ||     5
       Scroll            |       |       |     1 ||     1
Armor: Skin              |       |       |    33 ||    33
Dodge: Dodged            |       |       |     5 ||     5

Table legend:
 A = Turns spent in this place as a percentage of turns spent in the entire game.
 B = Non-inter-level travel turns spent in this place as a percentage of non-inter-level travel turns spent in the entire game.
 C = Inter-level travel turns spent in this place as a percentage of turns spent in this place.
 D = Turns resting spent in this place as a percentage of non-inter-level travel turns spent in this place.
 E = Turns spent auto-exploring this place as a percentage of non-inter-level travel turns spent in this place.
 F = Non-inter-level travel turns spent in this place divided by the number of levels of this place that you've seen.
                   A       B       C       D       E      F
               +-------+-------+-------+-------+-------+----------------------
         Total | 100.0 | 100.0 |   0.0 |   0.0 |   0.0 | 350.0
         Abyss | 100.0 | 100.0 |   0.0 |   0.0 |   0.0 | 350.0
               +-------+-------+-------+-------+-------+----------------------

Table legend:
 A = Kills in this place as a percentage of kills in entire the game.
 B = Kills by you in this place as a percentage of kills by you in the entire game.
 C = Kills by friends in this place as a percentage of kills by friends in the entire game.
 D = Other kills in this place as a percentage of other kills in the entire game.
 E = Experience gained in this place as a percentage of experience gained in the entire game.
 F = Experience gained in this place divided by the number of levels of this place that you have seen.
                   A       B       C       D       E      F
               +-------+-------+-------+-------+-------+----------------------
         Total | 100.0 | 100.0 |  -nan |  -nan | 100.0 | 752.0
         Abyss | 100.0 | 100.0 |  -nan |  -nan | 100.0 | 752.0
               +-------+-------+-------+-------+-------+----------------------

Vault maps used:
